 Dungeon Crawl Stone Soup version 0.30.0-19-g36f170ea60 (webtiles) character file.

Game seed: 3226100406493879056

156 NateTC the Trooper (level 5, -7/50 HPs)
             Began as a Hill Orc Monk on May 26, 2023.
             Was a Believer of Beogh.
             Mangled by an ogre
             ... wielding a +0 giant spiked club
              (18 damage)
             ... on level 4 of the Dungeon on May 27, 2023.
             The game lasted 00:07:11 (2188 turns).

NateTC the Trooper (Hill Orc Monk)                  Turns: 2188, Time: 00:07:12

Health: -7/50      AC: 13    Str: 16    XL:     5   Next: 37%
Magic:  5/5        EV:  5    Int: 10    God:    Beogh [**....]
Gold:   80         SH:  0    Dex: 13    Spells: 4/4 levels left

rFire   . . .        a - +0 hand axe
rCold   . . .        d - orb {light}
rNeg    . . .        e - +0 plate armour
rPois   .            n - +1 helmet
rElec   .            (no cloak)
rCorr   .            (no gloves)
SInv    .            (no boots)
Will    .....        (no amulet) Stlth
                     (no ring)
HPRegen 0.28/turn    (no ring)
MPRegen 0.09/turn

%: no passive effects
@: glowing
A: no striking features
a: Renounce Religion, Smiting


You were on level 4 of the Dungeon.
You worshipped Beogh.
Beogh was pleased with you.
You visited 1 branch of the dungeon, and saw 4 of its levels.

You collected 80 gold pieces.

Inventory:

Hand Weapons
 a - a +0 hand axe (weapon)
Armour
 d - an orb of light (worn)
 e - a +0 plate armour (worn)
 n - a +1 helmet (worn)
Scrolls
 b - 5 scrolls of enchant weapon {unknown}
 f - 2 scrolls of noise
Potions
 c - a potion of ambrosia
 h - 2 potions of curing
 i - a potion of might {unknown}
 k - 2 potions of degeneration {unknown}
 m - a potion of berserk rage {unknown}


   Skills:
 - Level 5.7 Fighting
 - Level 5.2 Axes
 * Level 2.0 Armour
 - Level 2.4 Dodging
 + Level 0.4 Invocations


You had 4 spell levels left.
You didn't know any spells.
Your spell library contained the following spells:

 Spells                   Type           Power      Damage    Failure   Level
 Apportation              Tloc           0%         N/A       100%        1
 Freeze                   Ice            0%         1d3       100%        1
 Necrotise                Necr           0%         1d4       100%        1
 Sting                    Tmut/Pois      0%         1d3       100%        1
 Summon Small Mammal      Summ           0%         N/A       100%        1
 Poisonous Vapours        Pois/Air       0%         N/A       100%        2
 Frozen Ramparts          Ice            0%         1d1       100%        3
 Hailstorm                Conj/Ice       0%         3d3       100%        3
 Mephitic Cloud           Conj/Pois/Air  0%         N/A       100%        3
 Olgreb's Toxic Radiance  Pois           0%         N/A       100%        4
 Freezing Cloud           Conj/Ice/Air   0%         6-21      100%        5


Dungeon Overview and Level Annotations

Branches:
Dungeon (4/15) Zot: 21791
 Temple: D:4-7

Altars:
Ashenzari


Message History

You slash the dart slug!
You kill the dart slug!
Beogh accepts your kill.
No target in view!
You open the door.
A quokka comes into view.
Found 6 stones.
The quokka moves out of view.
There is an open door here.
A quokka is nearby!
The quokka bites you but does no damage.
You hit the quokka but do no damage.
The quokka bites you but does no damage.
You slash the quokka!
You kill the quokka!
Beogh accepts your kill.
No target in view!
You swap places.
Found a robe.
An ogre comes into view. It is wielding a +0 giant spiked club.
The ogre shouts!
An ogre is nearby!
Okay, then.
Okay, then.
Okay, then.
You slash the ogre!
The ogre is moderately wounded.
The ogre hits you with a +0 giant spiked club!
You hit the ogre.
The ogre is heavily wounded.
The ogre barely misses you.
You hit the ogre but do no damage.
The ogre is heavily wounded.
You slash the ogre!
The ogre is severely wounded.
The ogre hits you with a +0 giant spiked club!!
* * * LOW HITPOINT WARNING * * *
You hit the ogre.
The ogre is almost dead.
The ogre hits you with a +0 giant spiked club!!
You die...

#..######......+.........#.....#.
#.o##..##......#.........##...##
#..#...o..o....#..........#...#
#..#...........#..........##.##
#..#....o......#....###....#.#
...o..###..#######+#..###.####
####### #########[.#....###...
.................#.
.......@..#....###.
.##.##.O###..### #..# #### .....
...... #........ #........
##..##.##.


You could see an ogre.

Vanquished Creatures
  A hound (D:4)
  3 gnolls (D:4)
  2 adders
  4 worms
  A dart slug (D:4)
  5 bats
  2 endoplasms
  2 giant cockroaches (D:1)
  5 hobgoblins
  3 jackals (D:1)
  5 quokkas
  7 ball pythons
  5 frilled lizards
  5 goblins
  13 kobolds
  3 rats
66 creatures vanquished.

Notes
Turn   | Place    | Note
-------+----------+-------------------------------------------
     0 | D:1      | NateTC the Hill Orc Monk began the quest for the Orb.
     0 | D:1      | Reached XP level 1. HP: 19/19 MP: 1/1
    51 | D:1      | Reached XP level 2. HP: 27/27 MP: 2/2
   229 | D:1      | Reached XP level 3. HP: 10/34 MP: 3/3
   660 | D:1      | Upgraded the game from 0.30.0-18-gc0e69614cb to
                  | 0.30.0-19-g36f170ea60
   709 | D:2      | Found a broken altar of Ashenzari.
   790 | D:2      | Reached skill level 5 in Fighting
   885 | D:2      | Reached XP level 4. HP: 42/42 MP: 4/4
  1343 | D:3      | Reached skill level 5 in Axes
  1784 | D:4      | Became a worshipper of Beogh the Brigand
  1784 | D:4      | Reached * piety under Beogh
  1784 | D:4      | Reached ** piety under Beogh
  2063 | D:4      | Reached skill level 1 in Armour
  2063 | D:4      | Reached XP level 5. HP: 38/50 MP: 5/5
  2180 | D:4      | Noticed an ogre
  2188 | D:4      | Mangled by an ogre

Illustrated notes

Levels and vault maps discovered:
D:1:      spicycebolla_arrival_ecumenical, layout_rooms, serial_bayou_pond_c
D:2:      layout_basic, basic_altar
D:3:      layout_rooms
D:4:      layout_gridville, mainiacjoe_overflow_catwalk,
          nicolae_ashenzari_panopticon, uniq_duvessa

Skill      XL: |  1  2  3  4  5 |
---------------+----------------+-----
Fighting       | 4 5 |  5.7
Axes           | 5 |  5.2
Armour         | 1 2 |  2.0
Dodging        | |  2.4
Invocations    | |  0.4

Action                     |  1- 3 |  4- 6 || total
---------------------------+-------+-------++-------
  Melee: Hand axe          |   107 |   100 ||   207
 Invoke: Convert to Beogh  |       |     1 ||     1
    Use: Scroll            |     3 |     3 ||     6
 Armour: Robe              |    22 |       ||    22
         Plate armour      |     9 |    80 ||    89
  Dodge: Dodged            |    75 |    26 ||   101
